 Dungeon Crawl Stone Soup version 0.22-a0-608-g8a62e23f9f (webtiles) character file.

66660 Lentor the Bludgeoner (level 14, -7/195 HPs)
             Began as a Minotaur Berserker on July 9, 2018.
             Was a High Priest of Trog.
             Mangled by an infernal demonspawn
             ... wielding a cursed -2 dire flail
              (8 damage)
             ... on level 2 of the Orcish Mines.
             The game lasted 00:40:31 (23372 turns).

Lentor the Bludgeoner (Minotaur Berserker)         Turns: 23372, Time: 00:40:32

Health: -7/195     AC: 21    Str: 27    XL:     14   Next: 80%
Magic:  0/4        EV: 13    Int:  4    God:    Trog [*****.]
Gold:   1931       SH: 20    Dex: 13    Spells: 13/13 levels left

rFire    + . .     SeeInvis .   H - +4 demon whip (antimagic)
rCold    . . .     Gourm    .   J - +4 shield "Subitanu" {rElec rC+}
rNeg     + . .     Faith    .   F - +5 scale mail of Royalty {rPois rCorr Stlth+}
rPois    +         Spirit   +   (helmet restricted)
rElec    +         Reflect  +   A - scarf {Spirit}
rCorr    +         Harm     .   u - +1 pair of gloves
MR       +....                  n - +2 pair of boots
Stlth    ..........             O - +2 amulet of reflection
HPRegen  0.42/turn              D - ring of Lownacirph {Fire rElec rN+ Str-2}
MPRegen  0.09/turn              E - ring of resist corrosion

@: berserking (expiring), very quick
A: retaliatory headbutt, horns 2
a: Berserk, Trog's Hand, Brothers in Arms, Renounce Religion


You were on level 2 of the Orcish Mines.
You worshipped Trog.
Trog was extremely pleased with you.
You were hungry.

You visited 4 branches of the dungeon, and saw 20 of its levels.
You also visited: Ice Cave.

You collected 2081 gold pieces.
You spent 150 gold pieces at shops.

Inventory:

Hand Weapons
 H - a +4 antimagic demon whip (weapon)
Armour
 n - a +2 pair of boots (worn)
 u - a +1 pair of gloves (worn)
 A - a scarf of spirit shield (worn)
 F - the +5 scale mail of Royalty (worn) {rPois rCorr Stlth+}
   (You found it on level 1 of the Lair of Beasts)

   It protects you from poison.
   It protects you from acid and corrosion.
   It makes you more stealthy.
 J - the +4 shield "Subitanu" (worn) {rElec rC+}
   (You found it on level 9 of the Dungeon)

   It protects you from cold.
   It insulates you from electricity.
Jewellery
 D - the ring of Lownacirph (left hand) {Fire rElec rN+ Str-2}
   (You found it on level 6 of the Dungeon)

   [ring of fire]

   It enhances your fire magic.
   It affects your strength (-2).
   It protects you from fire.
   It makes you vulnerable to cold.
   It insulates you from electricity.
   It protects you from negative energy.
 E - a ring of resist corrosion (right hand)
 G - an uncursed ring of flight
 O - a +2 amulet of reflection (around neck)
Wands
 a - a wand of enslavement (45)
 f - a wand of iceblast (9)
 k - a wand of polymorph (15)
 s - a wand of flame (33)
 I - a wand of digging (7)
 N - a wand of acid (7)
Scrolls
 d - 4 scrolls of remove curse
 e - 8 scrolls of teleportation
 h - 2 scrolls of blinking
 i - 3 scrolls of enchant armour
 o - 3 scrolls of identify
 r - 2 scrolls of fear
 x - 5 scrolls of enchant weapon
 y - a scroll of holy word
 B - 3 scrolls of magic mapping
Potions
 b - a potion of berserk rage {unknown}
 g - 2 potions of agility
 j - 3 potions of might
 m - 4 potions of heal wounds
 p - 2 potions of brilliance
 q - a potion of resistance {unknown}
 t - a potion of cancellation
 v - 3 potions of magic
 w - 2 potions of lignification
 z - 3 potions of haste
 C - 6 potions of curing
 L - a potion of ambrosia
 M - 5 potions of flight
Comestibles
 c - 26 rations
 l - 2 chunks of flesh


   Skills:
 + Level 13.9 Fighting
 + Level 18.3 Maces & Flails
 + Level 14.6 Armour
 + Level 5.9 Dodging
 - Level 0.1 Stealth
 + Level 13.2 Shields


You had 13 spell levels left.
You didn't know any spells.
Your spell library was empty.

Dungeon Overview and Level Annotations

Branches:
Dungeon (11/15)            Temple (1/1) D:5            Lair (6/6) D:8
 Shoals (0/4) Lair:2        Snake (0/4) Lair:2        Slime (0/5) Lair:5
    Orc (2/2) D:11            Elf (0/3) Orc:2

Altars:
Ashenzari
Cheibriados
Dithmenos
Elyvilon
Fedhas
Gozag
Hepliaklqana
Kikubaaqudgha
Makhleb
Nemelex Xobeh
Okawaru
Qazlal
Ru
Sif Muna
Trog
Uskayaw
Vehumet
Wu Jian
Xom
Yredelemnul
Zin
The Shining One
Beogh
Jiyva

Shops:
Orc:2 ?*[

Annotations:
D:9 exclusion: ice statue


Innate Abilities, Weirdness & Mutations

You reflexively headbutt those who attack you in melee.
You have a pair of horns on your head.


Message History

The chaos spawn's human head shouts!
You are too berserk!
You whack the orc knight! Your headbutt misses the orc knight.
The orc knight is moderately wounded.
You hear a shout!
Unknown command.
You hit the orc knight but do no damage.
You headbutt the orc knight.
The orc knight is heavily wounded.
You block the orc sorcerer's attack. The orc sorcerer completely misses you.
You block the orc warrior's attack.
Unknown command.
You hit the orc knight but do no damage.
Your headbutt misses the orc knight.
The orc knight is heavily wounded.
You block the ufetubus's attack. The ufetubus misses you.
The infernal demonspawn hits you with an enchanted dire flail!
* * * LOW HITPOINT WARNING * * *
You are engulfed in flames!
You resist.
You die...

..#...#...#.#.....#..............
..#.ยง.#........#...#.#...........
..#...#.......###.####..........)
..##.##......###### ##....#..<..
...#.#.)....###.## #...........
...#.#[....###...## ##...........
..........###..5..###..........##
.........###.#.o5#.###...#......#
........###...66@o..###..####...#
.......###...#3#o#...###..##....#
......## . #.o6##)..#####......
.....## #..#54##...## ##.....
....## #..###o ##...## #..#.#
...## #..# #. ##)#.###....# ..##
..# # ##...###.... ...## #.##.
##.#.###..... ....## ...#
##)..###...#.#


You could see an orc knight, an orc high priest, an infernal demonspawn, 2
demonspawn, a neqoxec, a chaos spawn, 2 orc sorcerers, an orc warrior, 2 crimson
imps and an ufetubus.

Vanquished Creatures
  An acid blob (Lair:5)
  A stone giant (Orc:1)
  Snorg (Lair:6)
  5 hydras
  3 two-headed ogres (D:8)
  7 death yaks
  A dancing weapon (D:9)
  An orc high priest (Orc:2)
  Sonja (Lair:3)
  The ghost of Brozuf the Destroyer, a novice DEFE of Vehumet (D:9)
  The ghost of MirrMurr the Sneak, a novice KoBe of Trog (D:6)
  2 orc knights (Orc:1)
  3 black mambas
  2 merfolk sirens (Lair:2)
  10 elephants (Lair:6)
  A smoke demon (Orc:2)
  9 spiny frogs
  A torpor snail (Lair:6)
  2 molten gargoyles (D:9)
  6 komodo dragons
  4 rime drakes
  24 polar bears
  A tengu conjurer (D:11)
  2 merfolk (Lair:2)
  2 trolls (Orc:1)
  Grinder (D:6)
  4 blink frogs (Lair:6)
  5 hornets
  8 hippogriffs
  2 dream sheep (Lair:6)
  10 spriggans (Lair:6)
  A wraith (D:10)
  38 yaks
  2 basilisks
  5 wyverns
  A hungry ghost (D:8)
  3 wargs
  13 water moccasins
  9 porcupines
  26 orc warriors
  4 sky beasts
  3 black bears
  2 phantoms
  27 wolves
  An eye of draining (D:11)
  5 ice beasts
  7 ogres
  4 boggarts (Lair:6)
  15 crocodiles
  3 centaurs
  3 big kobolds
  14 bullfrogs
  3 scorpions
  16 killer bees
  4 electric eels
  4 howler monkeys
  A bullfrog zombie (D:6)
  3 jellies
  4 crimson imps
  21 orc priests
  5 hounds
  16 orc wizards
  2 iguanas (D:8)
  9 worker ants
  2 hell rats (Lair:6)
  4 killer bee zombies
  A centaur simulacrum (D:6)
  A hound skeleton (D:8)
  12 adders
  6 river rats (Lair:6)
  3 shadow imps
  2 white imps (D:6)
  3 oozes
  3 adder skeletons
  An adder zombie (D:7)
  4 worms
  A dart slug (D:1)
  5 leopard geckos
  78 orcs
  6 giant cockroaches
  4 goblins
  11 hobgoblins
  16 jackals
  4 quokkas
  2 ball pythons
  12 bats
  6 frilled lizards
  13 kobolds
  A leopard gecko skeleton (D:4)
  A quokka simulacrum (D:6)
  12 rats
  A butterfly (Lair:2)
611 creatures vanquished.

Vanquished Creatures (collateral kills)
  A frost giant (IceCv)
  An orc high priest (Orc:2)
  2 spriggans (Lair:6)
  3 orc knights (Orc:2)
  An elephant (Lair:6)
  2 molten gargoyles (D:9)
  2 ice statues (IceCv)
  3 polar bears
  A hornet (Lair:6)
  A hippogriff (D:11)
  4 yaks (IceCv)
  2 basilisks (Lair:3)
  A chaos spawn (Orc:2)
  A swamp drake (D:11)
  6 orc warriors
  6 wolves
  A crocodile (Lair:2)
  A bullfrog (Lair:3)
  9 orc priests
  2 orc wizards (D:11)
  8 orcs
  A fungus (Lair:3)
59 creatures vanquished.

Vanquished Creatures (others)
  5 fungi
  3 plants (Lair:6)
8 creatures vanquished.

Grand Total: 678 creatures vanquished

Notes
Turn   | Place    | Note
-------+----------+-------------------------------------------
     0 | D:1      | Lentor the Minotaur Berserker began the quest for the Orb.
     0 | D:1      | Reached XP level 1. HP: 19/19 MP: 0/0
    84 | D:1      | Reached XP level 2. HP: 25/27 MP: 1/1
   240 | D:1      | Reached skill level 4 in Maces & Flails
   550 | D:1      | Reached ** piety under Trog
   740 | D:1      | You fall through a shaft!
   764 | D:2      | Found a white marble altar of Elyvilon.
   812 | D:1      | Reached XP level 3. HP: 34/34 MP: 2/2
  1209 | D:2      | Found a shattered altar of Ashenzari.
  1283 | D:2      | Reached XP level 4. HP: 37/41 MP: 3/3
  1324 | D:2      | Reached skill level 5 in Maces & Flails
  1457 | D:3      | Found a glowing silver altar of Zin.
  1462 | D:3      | Found an ornate altar of the Wu Jian Council.
  1470 | D:3      | Found a hazy altar of Hepliaklqana.
  1479 | D:3      | Found a snail-covered altar of Cheibriados.
  1486 | D:3      | Found a sacrificial altar of Ru.
  1491 | D:3      | Found a glowing golden altar of the Shining One.
  1502 | D:3      | Found a shimmering altar of Xom.
  1538 | D:3      | Reached skill level 1 in Shields
  1663 | D:3      | Noticed a bullfrog
  1672 | D:3      | Killed a bullfrog
  1672 | D:3      | Reached XP level 5. HP: 39/47 MP: 4/4
  2019 | D:4      | Reached skill level 6 in Maces & Flails
  2135 | D:4      | Noticed an ice beast
  2141 | D:4      | Killed an ice beast
  2141 | D:4      | Reached skill level 5 in Fighting
  2141 | D:4      | Reached XP level 6. HP: 36/56 MP: 5/5
  2348 | D:4      | Reached *** piety under Trog
  2577 | D:4      | Reached XP level 7. HP: 43/61 MP: 6/6
  2842 | D:5      | Entered Level 5 of the Dungeon
  2879 | D:5      | Reached skill level 7 in Maces & Flails
  3049 | D:5      | Reached **** piety under Trog
  3155 | D:5      | Found a sacrificial altar of Ru.
  3379 | D:5      | Reached skill level 5 in Armour
  3423 | D:5      | Reached XP level 8. HP: 49/70 MP: 7/7
  3436 | D:5      | Found a staircase to the Ecumenical Temple.
  3499 | Temple   | Entered the Ecumenical Temple
  4123 | D:5      | Reached skill level 8 in Maces & Flails
  4333 | D:6      | Reached skill level 5 in Shields
  4356 | D:6      | Noticed Grinder
  4366 | D:6      | Paralysed by Grinder for 6 turns
  4380 | D:6      | Killed Grinder
  4624 | D:6      | Reached skill level 9 in Maces & Flails
  4753 | D:6      | Found a runed gate.
  4753 | D:6      | Found a runed gate.
  4753 | D:6      | Found a runed gate.
  4848 | D:6      | Noticed MirrMurr's ghost (novice KoBe)
  4978 | D:6      | Killed MirrMurr's ghost
  4978 | D:6      | Reached XP level 9. HP: 78/78 MP: 6/8
  5062 | D:6      | Got the ring of Lownacirph {Fire}
  5210 | D:7      | Found a hide-covered altar of Uskayaw.
  5250 | D:7      | Identified the ring of Lownacirph {Fire rElec rN+ Str-2} (You found it on level 6 of the Dungeon)
  5469 | D:7      | Reached ***** piety under Trog
  5560 | D:7      | Found a stormy altar of Qazlal.
  5860 | D:8      | Reached skill level 10 in Maces & Flails
  6195 | D:8      | Noticed a two-headed ogre
  6210 | D:8      | Killed a two-headed ogre
  6210 | D:8      | Reached XP level 10. HP: 86/86 MP: 9/9
  6228 | D:8      | Noticed a two-headed ogre
  6244 | D:8      | Killed a two-headed ogre
  6244 | D:8      | Reached skill level 11 in Maces & Flails
  6643 | D:8      | You fall through a shaft for 3 floors!
  6643 | D:11     | Found a staircase to the Orcish Mines.
  6844 | D:10     | Entered Level 10 of the Dungeon
  6884 | D:9      | Found a runed door.
  6885 | D:9      | Found a shimmering altar of Xom.
  6885 | D:9      | Noticed Brozuf's ghost (novice DEFE)
  6886 | D:9      | Noticed a trident of chaos
  6901 | D:9      | Killed Brozuf's ghost
  6909 | D:9      | Killed a trident of chaos
  7116 | D:9      | Noticed a molten gargoyle
  7122 | D:9      | Reached skill level 5 in Dodging
  7135 | D:9      | Reached skill level 10 in Shields
  7149 | D:9      | Killed a molten gargoyle
  7149 | D:9      | Reached XP level 11. HP: 14/95 MP: 3/10
  7549 | D:9      | Reached skill level 10 in Armour
  8071 | D:8      | Found a sacrificial altar of Ru.
  8104 | D:8      | Noticed a two-headed ogre
  8126 | D:8      | Killed a two-headed ogre
  8126 | D:8      | Reached skill level 12 in Maces & Flails
  8551 | D:8      | Found a roughly hewn altar of Beogh.
  8554 | D:8      | Received a gift from Trog
  8643 | D:8      | Found a staircase to the Lair.
  9701 | D:10     | Noticed an eight-headed hydra
  9707 | D:10     | Killed an eight-headed hydra
 10106 | D:10     | Reached skill level 13 in Maces & Flails
 10985 | Lair:1   | Entered Level 1 of the Lair of Beasts
 11122 | D:9      | Got a translucent shield
 11565 | Lair:1   | Reached XP level 12. HP: 91/106 MP: 3/11
 12073 | Lair:2   | Identified the +4 shield "Subitanu" {rElec rC+} (You found it on level 9 of the Dungeon)
 12105 | Lair:2   | Reached skill level 10 in Fighting
 12210 | Lair:2   | Reached skill level 14 in Maces & Flails
 12418 | Lair:2   | Noticed a death yak
 12418 | Lair:2   | Noticed a death yak
 12419 | Lair:2   | Noticed a death yak
 12420 | Lair:2   | Noticed a death yak
 12421 | Lair:2   | Noticed a death yak
 12425 | Lair:2   | Killed a death yak
 12431 | Lair:2   | Killed a death yak
 12436 | Lair:2   | Killed a death yak
 12440 | Lair:2   | Killed a death yak
 12443 | Lair:2   | Killed a death yak
 12828 | Lair:2   | Received a gift from Trog
 12985 | Lair:2   | Found a staircase to the Snake Pit.
 13026 | Lair:2   | Found a staircase to the Shoals.
 13072 | Lair:2   | Reached skill level 15 in Maces & Flails
 13507 | Lair:3   | Found a frozen archway.
 13523 | IceCv    | Entered an ice cave
 14308 | IceCv    | Reached XP level 13. HP: 104/116 MP: 2/12
 14311 | IceCv    | Reached skill level 16 in Maces & Flails
 14339 | IceCv    | Noticed a frost giant
 14359 | IceCv    | Killed a frost giant
 14948 | Lair:3   | Noticed Sonja
 15056 | Lair:3   | Killed Sonja
 17536 | Lair:5   | Reached skill level 17 in Maces & Flails
 17651 | Lair:5   | Found a runed door.
 17651 | Lair:5   | Found a viscous altar of Jiyva.
 17652 | Lair:5   | Found a staircase to the Slime Pits.
 17653 | Lair:5   | Noticed an acid blob
 18294 | Lair:5   | Killed an acid blob
 18414 | Lair:6   | Entered Level 6 of the Lair of Beasts
 18456 | Lair:6   | HP: 5/119 [spiny frog (1)]
 18893 | Lair:6   | Reached XP level 14. HP: 112/127 MP: 3/13
 18940 | Lair:6   | Received a gift from Trog
 19322 | Lair:6   | Noticed Snorg
 19340 | Lair:6   | Killed Snorg
 19769 | Lair:6   | Paralysed by a hornet for 1 turns
 19804 | Lair:6   | Reached skill level 18 in Maces & Flails
 19812 | Lair:6   | Received a gift from Trog
 20387 | Lair:1   | Got a fine scale mail
 20398 | Lair:1   | Identified the +5 scale mail of Royalty {rPois rCorr Stlth+} (You found it on level 1 of the Lair of Beasts)
 21225 | Orc:1    | Entered Level 1 of the Orcish Mines
 21334 | Orc:2    | Entered Level 2 of the Orcish Mines
 21335 | Orc:2    | Found a staircase to the Elven Halls.
 21671 | Orc:1    | Noticed a stone giant
 21678 | Orc:1    | Killed a stone giant
 22053 | Orc:2    | Found a bloodstained altar of Trog.
 22333 | Orc:2    | Found Wocuwosu's Magic Scroll Emporium.
 22346 | Orc:2    | Found Boaghas's General Store.
 22375 | Orc:2    | Received a gift from Trog
 22784 | Orc:2    | Bought a scroll of enchant weapon for 112 gold pieces
 22786 | Orc:2    | Bought a scroll of magic mapping for 38 gold pieces
 22849 | Orc:2    | Found Soomi's Antique Armour Boutique.
 23363 | Orc:2    | Paralysed by an orc sorcerer for 2 turns
 23369 | Orc:2    | HP: 8/195 [infernal demonspawn/enchanted dire flail (6)]
 23372 | Orc:2    | HP: 1/195 [infernal demonspawn/enchanted dire flail (7)]
 23372 | Orc:2    | Mangled by an infernal demonspawn

Vault maps used:
D:1:      tarquinn_simple_flora_water_b
D:2:      overflow_temple_1_default, lemuel_crystal_altar
D:3:      grunt_temple_overflow_octagram, kennysheep_generic_room_4
D:4:      first_ration
D:5:      temple_fountains, nicolae_ru_great_annihilating_truth
D:6:      gammafunk_ghost_icy, uniq_grinder
D:7:      nicolae_qazlal_style_of_elements, basic_altar
D:8:      cheibrodos_iron_armory, grunt_lair_entry_orc_guard_hut, special_room,
          basic_altar, minmay_misc_feat_secret_circle
D:9:      ebering_ghost_xom, minivault_8
D:10:     minmay_unpleasant_kobolds
D:11:     hangedman_cross_stitches, erik_orc_1, serial_bayou,
          serial_bayou_ford_a, serial_bayou_lagoon_a, serial_bayou_pond_c,
          serial_bayou_pond_e, grunt_tengu_nest
Temple:   minmay_temple_forest_path
Lair:2:   elwin_shoals_entry_stream, guppyfry_snake_entry_island,
          lemuel_fruit_fields
Lair:3:   beast_lair_carwin_large_2, portal_ice_cave_rime, uniq_sonja
Lair:5:   slime_altar_2
Lair:6:   minmay_lair_end_enchanted_forest, kennysheep_rathole,
          lemuel_fruit_fields, serial_bayou_shore_a, grunt_megastairs_5,
          uniq_snorg
Orc:1:    nicolae_orc_accident_1
Orc:2:    pf_orc_diabolical, serial_shops, nicolae_shop_behind_doors, trog_book
IceCv:    ice_cave_small_giant

Skill      XL: |  1  2  3  4  5  6  7  8  9 10 11 12 13 14 |
---------------+-------------------------------------------+-----
Fighting       | 4 5 6 7 8 9 11 12 13 | 13.9
Maces & Flails | 4 5 6 7 9 10 11 13 15 17 18 | 18.3
Shields        | 1 2 3 4 6 8 10 11 13 | 13.2
Armour         | 3 4 5 7 8 9 11 12 14 | 14.6
Dodging        | 3 4 5 |  5.9
Stealth        | |  0.1

Action                   |  1- 3 |  4- 6 |  7- 9 | 10-12 | 13-15 || total
-------------------------+-------+-------+-------+-------+-------++-------
Melee: Mace              |    86 |   142 |       |       |       ||   228
       Headbutt          |     9 |    24 |   102 |   168 |   196 ||   499
       Whip              |       |    26 |   510 |   475 |       ||  1011
       Great mace        |       |       |       |   336 |   290 ||   626
       Demon whip        |       |       |       |       |   599 ||   599
Invok: Berserk           |       |     1 |     3 |     6 |    10 ||    20
       Brothers in Arms  |       |       |       |     6 |     8 ||    14
       Trog's Hand       |       |       |       |       |     2 ||     2
  Use: Scroll            |       |       |       |    29 |       ||    29
       Potion            |       |       |       |       |     2 ||     2
 Stab: Sleeping          |     1 |       |       |       |       ||     1
       Paralysed         |       |       |     2 |       |       ||     2
  Eat: Chunk             |     1 |     6 |     7 |    29 |    28 ||    71
       Ration            |       |       |     2 |     2 |     4 ||     8
Armor: Animal skin       |     9 |       |       |       |       ||     9
       Chain mail        |    38 |    75 |   193 |    24 |       ||   330
       Plate armour      |       |       |       |   378 |   349 ||   727
       Scale mail        |       |       |       |       |    44 ||    44
Dodge: Dodged            |    33 |    30 |    93 |   304 |   314 ||   774
Block: Shield            |    27 |    71 |   193 |   201 |   374 ||   866
       Other             |       |       |       |    11 |    26 ||    37
       Reflection        |       |       |       |       |     2 ||     2

Table legend:
 A = Spawn XP
 B = Non-spawn XP
 C = Spawn XP percentage of total XP
 D = Spawn monster count
 E = Non-spawn monster count
 F = Spawn count percentage of total count
 G = Total turns spent on level
                    A         B        C        D         E        F      G
               +---------+---------+-------+---------+---------+-------+---------
         Total |       0 |   95229 |   0.0 |       0 |     668 |   0.0 | 23372
               +---------+---------+-------+---------+---------+-------+---------
           D:1 |       0 |      41 |   0.0 |       0 |      23 |   0.0 |   858
           D:2 |       0 |      79 |   0.0 |       0 |      22 |   0.0 |   544
           D:3 |       0 |     194 |   0.0 |       0 |      24 |   0.0 |   579
           D:4 |       0 |     452 |   0.0 |       0 |      16 |   0.0 |   861
           D:5 |       0 |     807 |   0.0 |       0 |      34 |   0.0 |   987
           D:6 |       0 |    2065 |   0.0 |       0 |      32 |   0.0 |   963
           D:7 |       0 |     253 |   0.0 |       0 |      17 |   0.0 |   942
           D:8 |       0 |    5408 |   0.0 |       0 |      58 |   0.0 |  1583
           D:9 |       0 |    5326 |   0.0 |       0 |      38 |   0.0 |  1668
          D:10 |       0 |    2875 |   0.0 |       0 |      25 |   0.0 |  1578
          D:11 |       0 |    1489 |   0.0 |       0 |      29 |   0.0 |   241
        Lair:1 |       0 |    3068 |   0.0 |       0 |      16 |   0.0 |  1017
        Lair:2 |       0 |    8300 |   0.0 |       0 |      24 |   0.0 |  1490
        Lair:3 |       0 |    4672 |   0.0 |       0 |      19 |   0.0 |  1059
        Lair:4 |       0 |    2703 |   0.0 |       0 |      16 |   0.0 |   905
        Lair:5 |       0 |   11676 |   0.0 |       0 |      35 |   0.0 |  1859
        Lair:6 |       0 |   26227 |   0.0 |       0 |     106 |   0.0 |  2274
         Orc:1 |       0 |    5261 |   0.0 |       0 |      41 |   0.0 |   699
         Orc:2 |       0 |    5743 |   0.0 |       0 |      57 |   0.0 |  1448
         IceCv |       0 |    8590 |   0.0 |       0 |      36 |   0.0 |  1408
               +---------+---------+-------+---------+---------+-------+---------
